[Event "Titled Tuesday Blitz February 28 Late 2023"]
[White "Sieciechowicz, Marcin"]
[Black "Sanchez, Robert"]
[WhiteFideId "1130170"]
[BlackFideId "2034360"]
[WhiteElo "2302"]
[BlackElo "2435"]
[Result "1-0"]
[Round "05"]
[TimeControl "180+2"]
[Date "2023.02.28"]
[WhiteClock "0:00:23"]
[BlackClock "0:00:27"]

1. d4 d5 2. Bf4 c5 3. e3 Nc6 4. Nf3 Nf6 5. c3 e6 6. Nbd2 Bd6 7. Bg3 Qe7 8. Bb5 Bd7 9. O-O Bxg3 10. hxg3 O-O 11. Re1 a6 12. Bxc6 Bxc6 13. Ne5 Rac8 14. Rc1 Nd7 15. Nxd7 Bxd7 16. Nf3 f6 17. Qb3 Bc6 18. Qa3 Bd7 19. c4 b5 20. cxb5 axb5 21. Rxc5 Qf7 22. Rec1 Rxc5 23. Qxc5 Qg6 24. Qe7 Qf7 25. Qxf7+ Rxf7 26. Rc7 g5 27. Kf1 h5 28. Ke1 Kg7 29. Kd2 g4 30. Ne1 e5 31. Nd3 exd4 32. exd4 Bf5 33. Rxf7+ Kxf7 34. Nf4 Be4 35. Kc3 f5 36. Kb4 Kg7 37. Nxh5+ Kh6 38. Nf4 Kg5 1-0


[Site "https://www.chess.com"]

[Event "Titled Tuesday Blitz February 28 Late 2023"]
[White "Aguilar, Juan"]
[Black "Martynov, Pavel"]
[WhiteFideId "3800091"]
[BlackFideId "4101260"]
[WhiteElo "2407"]
[BlackElo "2314"]
[Result "0-1"]
[Round "05"]
[TimeControl "180+2"]
[Date "2023.02.28"]
[WhiteClock "0:01:04"]
[BlackClock "0:02:20"]

1. Nf3 d5 2. g3 e6 3. Bg2 c5 4. O-O Nc6 5. d3 Nf6 6. Nbd2 Be7 7. e4 d4 8. Nc4 b5 9. Nce5 Bb7 10. Nxc6 Bxc6 11. Ne5 Bb7 12. f4 Qc7 13. g4 h5 14. g5 Ng4 15. Nxg4 hxg4 16. Qxg4 O-O-O 17. f5 Qxh2+ 18. Kf2 Rh4 19. Qg3 exf5 20. exf5 Bd6 21. Qxh2 Rxh2 22. Rg1 Re8 23. Bd2 Re5 0-1


[Site "https://www.chess.com"]

[Event "Titled Tuesday Blitz February 28 Late 2023"]
[White "Zhu, Jiner"]
[Black "Pino Perez, Lazaro"]
[WhiteFideId "8608059"]
[BlackFideId "3517055"]
[WhiteElo "2384"]
[BlackElo "2170"]
[Result "1-0"]
[Round "05"]
[TimeControl "180+2"]
[Date "2023.02.28"]
[WhiteClock "0:01:35"]
[BlackClock "0:01:28"]

1. c4 c5 2. Nf3 g6 3. Nc3 Bg7 4. d4 cxd4 5. Nxd4 Nc6 6. Nb3 Nf6 7. e4 d6 8. Be2 O-O 9. Be3 a5 10. Nd4 a4 11. f3 Qa5 12. Qd2 Nxd4 13. Bxd4 Nd7 14. Bxg7 Kxg7 15. Rc1 Nc5 16. O-O Be6 17. Rfd1 Rfc8 18. Kh1 Qb4 19. Bf1 Kg8 20. Rc2 Bxc4 21. Bxc4 Qxc4 22. Nd5 1-0


[Site "https://www.chess.com"]

[Event "Titled Tuesday Blitz February 28 Late 2023"]
[White "Benaddi, Mouhcine"]
[Black "Blomqvist, Erik"]
[WhiteFideId "9001050"]
[BlackFideId "1709437"]
[WhiteElo "2036"]
[BlackElo "2436"]
[Result "0-1"]
[Round "05"]
[TimeControl "180+2"]
[Date "2023.02.28"]
[WhiteClock "0:00:19"]
[BlackClock "0:00:25"]

1. Nf3 d5 2. g3 Nc6 3. d4 Bf5 4. Bg2 Nb4 5. Na3 e6 6. O-O Be7 7. Ne5 f6 8. Nf3 g5 9. c3 Nc6 10. h4 h6 11. Nc2 Bd6 12. Ne3 Bg6 13. b4 Nge7 14. a4 Nf5 15. Nxf5 Bxf5 16. a5 a6 17. Qb3 Qd7 18. b5 axb5 19. Qxb5 b6 20. a6 Na5 21. c4 Nxc4 22. Qxd7+ Kxd7 23. Nd2 Na5 24. e4 dxe4 25. Nxe4 Bxe4 26. Bxe4 Rxa6 27. hxg5 hxg5 28. Bd2 Ra7 29. Rfc1 f5 30. Bd3 g4 31. Bb5+ c6 32. Bxa5 cxb5 33. Bxb6 Rxa1 34. Rxa1 Kc6 35. Bc5 Bxc5 36. Rc1 Rb8 37. Rxc5+ Kd6 38. Kf1 b4 39. Ke1 b3 40. Rc1 b2 41. Rb1 Kd5 42. Kd2 Kxd4 43. Kc2 Ke4 44. Rxb2 Rxb2+ 45. Kxb2 Kf3 46. Kc3 Kxf2 47. Kd4 Kxg3 48. Ke5 f4 49. Kxe6 f3 50. Kf5 f2 51. Kg5 f1=Q 52. Kh5 0-1


[Site "https://www.chess.com"]

[Event "Titled Tuesday Blitz February 28 Late 2023"]
[White "Urbina Perez, Juan Antonio"]
[Black "Sarkar, Justin"]
[WhiteFideId "2217368"]
[BlackFideId "2010011"]
[WhiteElo "2197"]
[BlackElo "2189"]
[Result "0-1"]
[Round "05"]
[TimeControl "180+2"]
[Date "2023.02.28"]
[WhiteClock "0:00:37"]
[BlackClock "0:00:02"]

1. e4 e5 2. Nf3 Nc6 3. Bc4 Nf6 4. d3 Bc5 5. Bg5 h6 6. Bh4 O-O 7. O-O g5 8. Nxg5 hxg5 9. Bxg5 Be7 10. Bh6 d6 11. f4 Ng4 12. Bxf8 Qxf8 13. Qf3 Nd4 14. Qd1 Qh6 15. h3 Ne3 16. Qe1 Nxf1 17. Qxf1 Qxf4 18. Na3 Qxf1+ 19. Rxf1 Be6 20. c3 Ne2+ 21. Kh2 Bh4 22. Nb5 Bxc4 23. dxc4 Rc8 24. Nxa7 Ra8 25. Nb5 Rxa2 26. Nxc7 Bg3+ 27. Kh1 Rxb2 28. Nb5 Bf4 29. Rd1 Ng3+ 30. Kg1 Nxe4 31. Re1 Nc5 32. Nxd6 Nd3 33. Ra1 Kg7 34. Nf5+ Kf6 35. Nd6 Ke6 36. Ne4 f5 37. g3 Be3+ 38. Kh1 fxe4 39. Rf1 Nf2+ 40. Kg1 Ng4+ 41. Kh1 Rh2# 0-1


[Site "https://www.chess.com"]

[Event "Titled Tuesday Blitz February 28 Late 2023"]
[White "Nilsen, Tobias Lang"]
[Black "Estrada Nieto, Julian"]
[WhiteFideId "1521624"]
[BlackFideId "5101018"]
[WhiteElo "2195"]
[BlackElo "2176"]
[Result "1-0"]
[Round "05"]
[TimeControl "180+2"]
[Date "2023.02.28"]
[WhiteClock "0:01:56"]
[BlackClock "0:00:27"]

1. f4 d5 2. Nf3 g6 3. g3 Bg7 4. Bg2 Nf6 5. O-O O-O 6. d3 c5 7. Nc3 Nc6 8. e4 d4 9. Ne2 Nd7 10. g4 f5 11. gxf5 gxf5 12. Qe1 e5 13. exf5 Rxf5 14. Ng3 Rf8 15. f5 Nf6 16. Nxe5 Nxe5 17. Qxe5 Ng4 18. Qxc5 Ne3 19. Bxe3 dxe3 20. c3 Qxd3 21. Rad1 Qc2 22. f6 Bxf6 23. Bd5+ Kg7 24. Nh5+ Kg6 25. Qxf8 Kxh5 26. Qxf6 Qg6+ 27. Qxg6+ hxg6 28. Bf3+ Bg4 29. Bxg4+ Kxg4 30. Rd4+ Kg5 31. Re4 1-0


[Site "https://www.chess.com"]

[Event "Titled Tuesday Blitz February 28 Late 2023"]
[White "Sanchez Alvares, Kelvin Antonio"]
[Black "Tsyhanchuk, Stanislav"]
[WhiteFideId "3906680"]
[BlackFideId "13505130"]
[WhiteElo "2217"]
[BlackElo "2173"]
[Result "1-0"]
[Round "05"]
[TimeControl "180+2"]
[Date "2023.02.28"]
[WhiteClock "0:01:05"]
[BlackClock "0:00:08"]

1. e4 c5 2. Nf3 d6 3. d4 cxd4 4. Nxd4 Nf6 5. f3 a6 6. c4 e5 7. Nb3 Nc6 8. Be3 Be6 9. Nc3 g5 10. Bxg5 Rg8 11. Qd2 h6 12. Be3 Nh5 13. O-O-O Qc7 14. Kb1 Ne7 15. Nd5 Bxd5 16. cxd5 Rg6 17. g3 Nf6 18. Bd3 h5 19. Rhg1 a5 20. Rc1 Qd7 21. Qe2 Qh3 22. Bb5+ Nd7 23. Rc7 Rd8 24. Nxa5 Ng8 25. Nxb7 Nf6 26. Nxd8 Kxd8 27. Rgc1 Bh6 28. Bxh6 Rxh6 29. Qd2 Rg6 30. Qa5 Ke7 31. Bxd7 Nxd7 32. Qa7 Kd8 33. Rc8+ Ke7 34. R1c7 Qf1+ 35. Rc1 Qd3+ 36. Ka1 Rf6 37. R8c7 Qb5 38. Rxd7+ Kf8 39. Qa8+ Kg7 40. Qc6 Qe2 41. Rxd6 Rxf3 42. Rd7 Rf2 43. Rb7 Qd2 44. a3 Rxh2 45. Qc3 Qe2 46. Qxe5+ Kg6 47. Qf5+ Kh6 48. Qf6+ Kh7 49. Rxf7+ Kg8 50. Qg7# 1-0


[Site "https://www.chess.com"]

[Event "Titled Tuesday Blitz February 28 Late 2023"]
[White "Fernandez Garcia, Gumersindo"]
[Black "Petukhov, Dmitry"]
[WhiteFideId "24516740"]
[BlackFideId "4142748"]
[WhiteElo "2093"]
[BlackElo "2311"]
[Result "0-1"]
[Round "05"]
[TimeControl "180+2"]
[Date "2023.02.28"]
[WhiteClock "0:00:19"]
[BlackClock "0:01:17"]

1. e4 c5 2. c3 d5 3. exd5 Qxd5 4. Nf3 Nf6 5. Be2 Bg4 6. h3 Bh5 7. O-O e6 8. d4 Nc6 9. Be3 cxd4 10. cxd4 Be7 11. Nc3 Qd6 12. Qb3 O-O 13. Rfd1 Rfd8 14. Rac1 a6 15. a3 b5 16. Ne5 Bxe2 17. Nxc6 Bxd1 18. Nxe7+ Qxe7 19. Rxd1 Nd5 20. Ne4 Nxe3 21. fxe3 Rac8 22. Nc5 Rc6 23. Rf1 h6 24. Qc2 Qg5 25. Rf3 e5 26. Qe4 Rg6 27. Rf2 exd4 28. exd4 Qd5 29. Qh4 Qxd4 30. Qe7 Rf6 31. Ne4 Qd1+ 32. Kh2 Rxf2 33. Nxf2 Qd6+ 34. Qxd6 Rxd6 35. Ne4 Rc6 36. Kg3 Rc2 37. b4 Ra2 38. Nc5 Rxa3+ 39. Kf2 a5 40. bxa5 Rxa5 0-1


[Site "https://www.chess.com"]

[Event "Titled Tuesday Blitz February 28 Late 2023"]
[White "Simonovic, Miroslav"]
[Black "Cheng, Xiao"]
[WhiteFideId "919152"]
[BlackFideId "2022915"]
[WhiteElo "2057"]
[BlackElo "2482"]
[Result "1/2-1/2"]
[Round "05"]
[TimeControl "180+2"]
[Date "2023.02.28"]
[WhiteClock "0:00:14"]
[BlackClock "0:00:25"]

1. d4 Nf6 2. Bg5 Ne4 3. Bf4 d5 4. Nd2 Bf5 5. Nxe4 Bxe4 6. f3 Bg6 7. e3 c5 8. c3 e6 9. Bd3 Nc6 10. h4 Bd6 11. Ne2 cxd4 12. exd4 Qc7 13. Bxd6 Qxd6 14. h5 Bxd3 15. Qxd3 h6 16. O-O-O O-O-O 17. Kb1 Kb8 18. f4 Na5 19. b3 Rc8 20. Kb2 Ka8 21. g4 Qb6 22. Ka1 Nc6 23. g5 hxg5 24. fxg5 Rcd8 25. h6 gxh6 26. Rxh6 Rhg8 27. Rg1 Qc7 28. Rf6 e5 29. Qf5 exd4 30. Nxd4 Nxd4 31. cxd4 Qc3+ 32. Kb1 Qxd4 33. Rc1 Qe4+ 34. Qxe4 dxe4 35. Rxf7 Rxg5 36. Rcc7 Rb5 37. Rfe7 Rb4 38. Kb2 Kb8 39. Rcd7 Rxd7 40. Rxd7 a5 41. a3 Rb6 42. Re7 Rg6 43. Rxe4 Ka7 44. a4 Kb6 45. Re5 Rd6 46. Kc3 Rc6+ 47. Kb2 Rh6 48. Rb5+ Ka6 49. Kc3 Rh3+ 50. Kc4 Rh4+ 51. Kc3 Re4 52. Kd3 Re6 53. Kc3 Rh6 54. Kc4 b6 55. Kc3 Kb7 56. Rf5 Kc6 57. Kc4 Rh4+ 58. Kc3 Rh3+ 59. Kc4 Rh4+ 60. Kc3 Re4 61. Rf6+ Kc5 62. Rf5+ Kc6 63. Rf6+ Kc5 64. Rf5+ Kd6 65. Rf6+ Re6 66. Rxe6+ Kxe6 67. Kc4 Kd6 68. Kd4 Kc6 69. Kc4 Kd6 70. Kd4 Kc6 71. Kc4 b5+ 72. axb5+ Kb6 73. b4 a4 74. Kc3 Kxb5 75. Kb2 Kxb4 76. Ka2 a3 77. Ka1 Kb3 78. Kb1 a2+ 79. Ka1 Ka3 1/2-1/2


[Site "https://www.chess.com"]

[Event "Titled Tuesday Blitz February 28 Late 2023"]
[White "Erzhanov, Arman"]
[Black "Albornoz Cabrera, Carlos Daniel"]
[WhiteFideId "4138821"]
[BlackFideId "3518736"]
[WhiteElo "2138"]
[BlackElo "2501"]
[Result "1-0"]
[Round "05"]
[TimeControl "180+2"]
[Date "2023.02.28"]
[WhiteClock "0:00:12"]
[BlackClock "0:01:27"]

1. e4 c6 2. d4 d5 3. exd5 cxd5 4. c4 Nf6 5. Nc3 g6 6. cxd5 Bg7 7. Bc4 O-O 8. Nge2 Nbd7 9. Bb3 Nb6 10. Nf4 h6 11. h4 Bf5 12. Be3 Rc8 13. f3 Nc4 14. Bxc4 Rxc4 15. g4 Bd7 16. g5 Nh7 17. gxh6 Bf6 18. h5 g5 19. Ng6 fxg6 20. hxg6 Bf5 21. gxh7+ Kxh7 22. Qd2 b5 23. a3 a5 24. Bxg5 b4 25. axb4 axb4 26. Bxf6 exf6 27. Ra7+ Kh8 28. Qg2 Qe8+ 29. Kf2 Qg6 30. Qxg6 Bxg6 31. Ne4 Rxd4 32. Rd7 Bxe4 33. fxe4 Rxe4 34. Rg1 Rf4+ 35. Ke3 Rh4 36. Rg6 Re8+ 37. Kd3 Ree4 38. Rxf6 Rd4+ 39. Kc2 Rh2+ 40. Kb3 Rh3+ 41. Ka4 b3+ 42. Kb5 Kg8 43. Rg6+ Kf8 44. h7 Rdh4 45. Rg8# 1-0


[Site "https://www.chess.com"]

[Event "Titled Tuesday Blitz February 28 Late 2023"]
[White "Eckert, Doug"]
[Black "Poliakova, Varvara"]
[WhiteFideId "2001993"]
[BlackFideId "13518313"]
[WhiteElo "2202"]
[BlackElo "2075"]
[Result "0-1"]
[Round "05"]
[TimeControl "180+2"]
[Date "2023.02.28"]
[WhiteClock "0:00:10"]
[BlackClock "0:01:21"]

1. d4 f5 2. c4 d6 3. Nf3 Nf6 4. g3 g6 5. Bg2 Bg7 6. O-O O-O 7. Nc3 Nc6 8. d5 Ne5 9. Nxe5 dxe5 10. e4 e6 11. b3 exd5 12. exd5 e4 13. Be3 Ng4 14. Bd4 Ne5 15. Ne2 Qe7 16. Qc1 Nd3 17. Qc3 Bxd4 18. Qxd4 Qg7 19. Qxg7+ Kxg7 20. f3 exf3 21. Rxf3 Ne5 22. Re3 Kf6 23. Nd4 Bd7 24. Rae1 Rae8 25. Nf3 Ng4 26. Rxe8 Rxe8 27. Rxe8 Bxe8 28. h3 Ne3 29. Kf2 Nd1+ 30. Ke1 Nc3 31. a3 Ne4 32. g4 Ng5 33. Kf2 fxg4 34. hxg4 Nf7 35. Ke3 Bd7 36. Bh3 g5 37. Kd4 h5 38. Nh2 h4 39. Nf3 Nh6 40. Ne5 Bc8 41. c5 Ng8 42. b4 Ne7 43. b5 b6 44. cxb6 axb6 45. a4 Bb7 46. Bg2 h3 47. Bxh3 Bxd5 48. Bf1 Bb3 49. a5 bxa5 50. Bc4 Bd1 51. Nd7+ Kg7 52. Nc5 Bxg4 53. Na6 Bc8 54. Nxc7 g4 55. b6 g3 56. Nd5 g2 57. Nxe7 g1=Q+ 0-1


[Site "https://www.chess.com"]

[Event "Titled Tuesday Blitz February 28 Late 2023"]
[White "Di Berardino, Diego Rafael"]
[Black "Todev, Simeon"]
[WhiteFideId "2105446"]
[BlackFideId "2925133"]
[WhiteElo "2432"]
[BlackElo "1938"]
[Result "1-0"]
[Round "05"]
[TimeControl "180+2"]
[Date "2023.02.28"]
[WhiteClock "0:00:18"]
[BlackClock "0:00:15"]

1. e4 e5 2. Nf3 Nf6 3. Bc4 d5 4. exd5 Bc5 5. Nxe5 O-O 6. d4 Bb6 7. Nc3 Re8 8. O-O Nbd7 9. Bf4 Nxe5 10. dxe5 Ng4 11. Qe2 Bf5 12. e6 fxe6 13. dxe6 Qd4 14. Bg3 Nf6 15. Rad1 Qc5 16. a3 Qe7 17. Rfe1 Rad8 18. Rd7 Bg4 19. Rxe7 Rxe7 20. Qe5 Rd2 21. h3 Bh5 22. Nd5 Nxd5 23. Bxd5 Rxc2 24. Qxh5 1-0


[Site "https://www.chess.com"]

[Event "Titled Tuesday Blitz February 28 Late 2023"]
[White "Rodrigues, Tiago Pereira"]
[Black "Paspuel, Trosky"]
[WhiteFideId "2101203"]
[BlackFideId "3602150"]
[WhiteElo "2168"]
[BlackElo "2310"]
[Result "1-0"]
[Round "05"]
[TimeControl "180+2"]
[Date "2023.02.28"]
[WhiteClock "0:02:37"]
[BlackClock "0:01:36"]

1. d4 Nf6 2. Bf4 c5 3. c3 Qb6 4. Qc2 g6 5. Nd2 d6 6. e3 Bg7 7. h3 O-O 8. Ngf3 a6 9. a4 Qc7 10. a5 cxd4 11. exd4 Nc6 12. Qa4 Bd7 13. Qa3 Rab8 14. Bc4 e5 15. dxe5 dxe5 16. Bh2 Rfe8 17. O-O Bf8 18. Qa2 Rbd8 19. Bxf7+ 1-0


[Site "https://www.chess.com"]

[Event "Titled Tuesday Blitz February 28 Late 2023"]
[White "Defend, Balint"]
[Black "Jenkins, Drake"]
[WhiteFideId "17004853"]
[BlackFideId "2022397"]
[WhiteElo "2547"]
[BlackElo "2303"]
[Result "1-0"]
[Round "05"]
[TimeControl "180+2"]
[Date "2023.02.28"]
[WhiteClock "0:01:56"]
[BlackClock "0:00:04"]

1. e4 c6 2. d4 d5 3. e5 c5 4. dxc5 Nc6 5. f4 Nh6 6. Be3 Bg4 7. Be2 Bxe2 8. Nxe2 e6 9. O-O Nf5 10. Bf2 h5 11. c3 a5 12. a4 h4 13. h3 Be7 14. Na3 O-O 15. Nb5 f6 16. Ned4 Qd7 17. Nxf5 exf5 18. e6 Qxe6 19. Nc7 Qd7 20. Nxa8 Rxa8 21. Re1 Rc8 22. Qf3 d4 23. cxd4 Nxd4 24. Qd3 Bxc5 25. Rad1 Rd8 26. Qc4+ Qd5 27. Qxd5+ Rxd5 28. Bxd4 Rxd4 29. Rxd4 Bxd4+ 30. Kh1 Bxb2 31. Rb1 Bc3 32. Rxb7 Bd2 33. Rb5 g6 34. Kg1 Kf7 35. Kf2 Ke6 36. Ke2 Bc3 37. Kd3 Be1 38. Kc4 g5 39. Rb6+ Ke7 40. fxg5 fxg5 41. Kd5 g4 42. Ke5 gxh3 43. gxh3 Bf2 44. Rb7+ Kd8 45. Kxf5 Be1 46. Kg4 Kc8 47. Rb1 Bf2 48. Rf1 Bg3 49. Rf5 Be1 50. Re5 Bg3 51. Rxa5 Kb7 52. Rf5 Ka6 53. Rh5 Be1 54. Rxh4 Bxh4 55. Kxh4 Ka5 56. Kg5 Kxa4 57. h4 1-0


[Site "https://www.chess.com"]

[Event "Titled Tuesday Blitz February 28 Late 2023"]
[White "Romero Ruscalleda, Josep"]
[Black "Bilan, Danila"]
[WhiteFideId "2231859"]
[BlackFideId "24161918"]
[WhiteElo "2183"]
[BlackElo "2182"]
[Result "1-0"]
[Round "05"]
[TimeControl "180+2"]
[Date "2023.02.28"]
[WhiteClock "0:00:02"]
[BlackClock "0:00:02"]

1. e4 c6 2. Nc3 d5 3. Nf3 Bg4 4. h3 Bxf3 5. Qxf3 e6 6. d4 dxe4 7. Qxe4 Nf6 8. Qd3 Bd6 9. g3 Nbd7 10. Bg2 Qc7 11. O-O O-O 12. a4 Rac8 13. Bg5 h6 14. Bd2 Rfd8 15. Qe2 a6 16. Ne4 Nxe4 17. Bxe4 Nf6 18. Bd3 c5 19. dxc5 Bxc5 20. Bf4 Bd6 21. Bxd6 Rxd6 22. Kg2 a5 23. Qf3 b6 24. Rfe1 Rcd8 25. Rad1 Rd4 26. b3 Qd6 27. Re2 Kf8 28. Rde1 Ke7 29. Re5 Rd5 30. Rxd5 Qxd5 31. Qxd5 Nxd5 32. Re5 f6 33. Re2 Nb4 34. Bc4 Rd6 35. Kf3 Nc6 36. c3 Ne5+ 37. Ke4 Nd7 38. f4 Nc5+ 39. Kf3 Kd7 40. h4 Ke7 41. Kg4 Kf7 42. f5 Ke7 43. Kh5 e5 44. Kg6 Kf8 45. b4 Nxa4 46. bxa5 bxa5 47. Ra2 Nb6 48. Be6 a4 49. c4 Rc6 50. Rd2 Ke7 51. Rc2 Rc7 52. c5 Nd7 53. c6 Nf8+ 54. Kxg7 Nxe6+ 55. fxe6 Kxe6+ 56. Kxh6 Kd6 57. Kg6 Rxc6 58. Rd2+ Ke6 59. h5 Rc3 60. Rg2 Rc1 61. h6 Rh1 62. h7 e4 63. Kg7 f5 64. Ra2 Ke5 65. Rxa4 e3 66. h8=Q 1-0


[Site "https://www.chess.com"]

[Event "Titled Tuesday Blitz February 28 Late 2023"]
[White "Kalajzic, Ivan"]
[Black "Awoki, Daniel Teidi"]
[WhiteFideId "14506378"]
[BlackFideId "2100827"]
[WhiteElo "2203"]
[BlackElo "2083"]
[Result "1-0"]
[Round "05"]
[TimeControl "180+2"]
[Date "2023.02.28"]
[WhiteClock "0:00:06"]
[BlackClock "0:00:21"]

1. b3 e5 2. Bb2 d6 3. e3 Nf6 4. d4 exd4 5. Qxd4 Nc6 6. Bb5 Bd7 7. Bxc6 Bxc6 8. Nf3 Be7 9. c4 O-O 10. Nc3 Ne8 11. Nd5 Bxd5 12. cxd5 Bf6 13. Qd2 Bxb2 14. Qxb2 Nf6 15. Qd4 Qe7 16. O-O a5 17. Rac1 Qd7 18. Rc2 a4 19. b4 Rfe8 20. a3 Rac8 21. Rfc1 c6 22. dxc6 Rxc6 23. h3 Rec8 24. Rxc6 Rxc6 25. Rd1 Qc7 26. b5 Rc1 27. Qxa4 Rxd1+ 28. Qxd1 Qc5 29. a4 h6 30. Qd4 Qxd4 31. Nxd4 Nd5 32. a5 Kf8 33. a6 bxa6 34. bxa6 Nb6 35. Nb5 Ke7 36. Kf1 Kd7 37. Ke2 Kc6 38. Nd4+ Kd7 39. Nf5 g6 40. Nxh6 Ke6 41. Ng4 Kd5 42. f3 Kc6 43. Nh6 f6 44. Ng8 Nd7 45. a7 Kb7 46. Ne7 g5 47. Nc8 Ne5 48. Nxd6+ Kxa7 49. Ne4 Nd7 50. Kd3 Kb7 51. Kd4 Kc6 52. g3 Ne5 53. Nd2 Kd6 54. Ke4 Ke6 55. g4 Nd7 56. Nb3 Ne5 57. f4 gxf4 58. exf4 Nc4 59. Nd4+ Kf7 60. h4 Nd6+ 61. Kf3 Kg6 62. h5+ Kh6 63. Ke3 Kg7 64. Kd3 Kh6 65. Ke3 Kh7 66. Nf5 Nxf5+ 67. gxf5 Kh6 68. Ke4 Kxh5 69. Kd5 1-0


[Site "https://www.chess.com"]

[Event "Titled Tuesday Blitz February 28 Late 2023"]
[White "Papayan, Oleg"]
[Black "Kaufman, Raymond"]
[WhiteFideId "4193911"]
[BlackFideId "2015056"]
[WhiteElo "2153"]
[BlackElo "2321"]
[Result "1-0"]
[Round "05"]
[TimeControl "180+2"]
[Date "2023.02.28"]
[WhiteClock "0:00:08"]
[BlackClock "0:00:12"]

1. e4 e5 2. Nf3 Nc6 3. Bb5 a6 4. Bxc6 dxc6 5. O-O Bd6 6. d4 exd4 7. Qxd4 f6 8. Be3 Be6 9. Nbd2 Ne7 10. Rad1 Qd7 11. Qc3 Ng6 12. Nb3 b6 13. Nfd4 c5 14. Nxe6 Qxe6 15. f3 O-O 16. Qd2 Rae8 17. Qd5 Qxd5 18. Rxd5 f5 19. Nd2 Bf4 20. Re1 c6 21. Rd7 Rd8 22. Rxd8 Rxd8 23. exf5 Bxe3+ 24. Rxe3 Rxd2 25. fxg6 hxg6 26. Rc3 Kf7 27. b4 cxb4 28. Rxc6 a5 29. h4 a4 30. Rxb6 Rxc2 31. Rxb4 Rxa2 32. Rb6 a3 33. Kh2 Rb2 34. Ra6 a2 35. Kg3 Ke7 36. Kh3 Kd7 37. g4 Kc7 38. Kg3 Kb7 39. Ra3 Kb6 40. Kf4 Kb5 41. Kg5 Kb4 42. Ra8 Kb3 43. Kxg6 Rf2 44. Kxg7 Rxf3 45. g5 Kb2 46. Rxa2+ Kxa2 47. h5 Kb3 48. h6 Kc4 49. h7 Rh3 50. h8=Q Rxh8 51. Kxh8 Kd5 52. g6 Ke6 53. g7 1-0


[Site "https://www.chess.com"]

[Event "Titled Tuesday Blitz February 28 Late 2023"]
[White "Smith, Garrett L"]
[Black "Mikhalsky, Vladimir"]
[WhiteFideId "2024829"]
[BlackFideId "14144352"]
[WhiteElo "2280"]
[BlackElo "2272"]
[Result "1-0"]
[Round "05"]
[TimeControl "180+2"]
[Date "2023.02.28"]
[WhiteClock "0:00:31"]
[BlackClock "0:00:34"]

1. e4 g6 2. d4 Bg7 3. Nc3 d6 4. Be3 Nf6 5. f3 a6 6. g4 b5 7. h4 h5 8. g5 Nfd7 9. f4 Nb6 10. b3 c5 11. Bg2 Bg4 12. Nf3 Nc6 13. Ne2 cxd4 14. Nexd4 Nxd4 15. Bxd4 e5 16. fxe5 dxe5 17. Bf2 f6 18. Qxd8+ Rxd8 19. Bxb6 Rc8 20. O-O-O O-O 21. Kb2 Rc6 22. Be3 fxg5 23. Rdf1 gxh4 24. Ne1 Rfc8 25. Rxh4 Bf8 26. Bf3 Be7 27. Rh2 Bb4 28. Bxg4 hxg4 29. Nd3 Bc3+ 30. Kb1 Bd4 31. Bxd4 exd4 32. Rg1 Rf8 33. Rxg4 Rf1+ 34. Kb2 Kg7 35. Rhg2 Re6 36. e5 Rf5 37. Rxd4 Rc6 38. Rd7+ Kf8 39. Rh2 Ke8 40. Ra7 Rf7 41. Rh8+ Rf8 42. Ra8+ Kf7 43. Raxf8+ Ke6 44. Rf6+ Kd5 45. Rd8+ Ke4 46. Rxc6 1-0


[Site "https://www.chess.com"]

[Event "Titled Tuesday Blitz February 28 Late 2023"]
[White "Leonte, Sebastian-Marian"]
[Black "Sokolin, Leonid"]
[WhiteFideId "1268767"]
[BlackFideId "2009161"]
[WhiteElo "2261"]
[BlackElo "2394"]
[Result "0-1"]
[Round "05"]
[TimeControl "180+2"]
[Date "2023.02.28"]
[WhiteClock "0:00:09"]
[BlackClock "0:00:27"]

1. e4 c5 2. Nf3 Nc6 3. d4 cxd4 4. Nxd4 e5 5. Nb5 d6 6. N1c3 a6 7. Na3 Be6 8. Nc4 Rb8 9. a4 Nb4 10. a5 Nf6 11. Bg5 Qc7 12. Bxf6 Bxc4 13. Bxc4 Qxc4 14. Bg5 Rc8 15. Qd2 h6 16. Be3 Be7 17. f3 O-O 18. Kf2 Rfd8 19. Rhd1 f5 20. Kg1 fxe4 21. fxe4 Kh7 22. Ra4 d5 23. exd5 Bc5 24. Kh1 Rf8 25. Bxc5 Rxc5 26. Na2 Rf1+ 0-1


[Site "https://www.chess.com"]

[Event "Titled Tuesday Blitz February 28 Late 2023"]
[White "Grot, Blazej"]
[Black "Clawitter, Craig"]
[WhiteFideId "21835845"]
[BlackFideId "2023105"]
[WhiteElo "1823"]
[BlackElo "2255"]
[Result "0-1"]
[Round "05"]
[TimeControl "180+2"]
[Date "2023.02.28"]
[WhiteClock "0:00:03"]
[BlackClock "0:00:19"]

1. e4 e6 2. d3 d5 3. Nd2 Nf6 4. Ngf3 Bc5 5. g3 dxe4 6. d4 Bb6 7. Ng5 Qxd4 8. Qe2 Bd7 9. c3 Qe5 10. Nc4 Qf5 11. Bh3 Qg6 12. Ne5 Qh5 13. g4 Qh4 14. Nexf7 O-O 15. Bg2 h6 16. Bf4 hxg5 17. Bxg5 Qxf2+ 18. Qxf2 Bxf2+ 19. Kxf2 Rxf7 20. Kg3 Bc6 21. Rad1 Nbd7 22. h4 Raf8 23. Bf4 Nd5 0-1


[Site "https://www.chess.com"]

[Event "Titled Tuesday Blitz February 28 Late 2023"]
[White "Einarsson, Halldor Gretar"]
[Black "aidenzhouu"]
[WhiteFideId "2300150"]
[WhiteElo "2126"]
[BlackElo "2416"]
[Result "1-0"]
[Round "05"]
[TimeControl "180+2"]
[Date "2023.02.28"]
[WhiteClock "0:00:50"]
[BlackClock "0:00:18"]

1. d4 Nf6 2. c4 Nc6 3. Nc3 e5 4. Nf3 exd4 5. Nxd4 Bc5 6. Be3 Nxd4 7. Bxd4 Qe7 8. e3 O-O 9. Be2 Bxd4 10. Qxd4 d6 11. O-O Bf5 12. Bf3 c6 13. Rfd1 Rfd8 14. h3 Qe5 15. Rd2 Qxd4 16. Rxd4 Kf8 17. Rad1 Ke7 18. g4 Be6 19. b3 h6 20. Bg2 Rd7 21. f4 Rad8 22. f5 a6 23. Ne4 Nxe4 24. Bxe4 d5 25. fxe6 fxe6 26. cxd5 exd5 27. Bf5 Rd6 28. e4 dxe4 29. Rxd6 Rxd6 30. Rxd6 Kxd6 31. Bxe4 Kc5 32. Kf2 Kd4 33. Bf5 a5 34. a4 b5 35. Bd7 bxa4 36. bxa4 c5 37. Ke2 g5 38. Kd2 Ke4 39. Kc3 Kd5 40. Bb5 1-0


[Site "https://www.chess.com"]

[Event "Titled Tuesday Blitz February 28 Late 2023"]
[White "Ardila, Oscar Humberto"]
[Black "Buchenau, Frank"]
[WhiteFideId "4404742"]
[BlackFideId "4604350"]
[WhiteElo "1946"]
[BlackElo "2157"]
[Result "0-1"]
[Round "05"]
[TimeControl "180+2"]
[Date "2023.02.28"]
[WhiteClock "0:00:09"]
[BlackClock "0:00:17"]

1. d4 e6 2. c4 Nf6 3. Nc3 Bb4 4. Bd2 b6 5. Nf3 Bb7 6. e3 O-O 7. Be2 d6 8. O-O Nbd7 9. Rc1 e5 10. dxe5 dxe5 11. a3 Be7 12. Qc2 e4 13. Nd4 Re8 14. Rfd1 Bd6 15. Nf5 Be5 16. Ng3 g6 17. Nb5 a6 18. Nd4 c5 19. Nb3 h5 20. Bc3 Qc7 21. Bxe5 Nxe5 22. Nd2 Neg4 23. h3 Nxe3 24. fxe3 Qxg3 25. Nf1 Qe5 26. Qc3 Qxc3 27. Rxc3 Rad8 28. Rcc1 Kf8 29. Kf2 Ke7 30. Rxd8 Rxd8 31. Rd1 Rxd1 32. Bxd1 h4 33. Be2 Kd6 34. Nd2 Ke5 35. Nb1 Bc6 36. Nc3 Ne8 37. g3 hxg3+ 38. Kxg3 Nd6 39. b4 cxb4 40. axb4 a5 41. bxa5 bxa5 42. c5 Nf5+ 43. Kf2 a4 44. Bc4 f6 45. Ba2 Ne7 46. Ke2 a3 47. Kd2 Nd5 48. Ne2 Nb4 49. Bb3 a2 50. Bxa2 Nxa2 51. Nd4 Bd5 52. Kc2 Nb4+ 53. Kc3 Nc6 54. Nb5 f5 55. Nd6 g5 56. Kd2 f4 57. Ke2 Nb4 58. Nb5 Nd3 59. Nd4 Nxc5 60. Nc2 Bc4+ 61. Kf2 Nd3+ 62. Kg2 Bb3 63. Nd4 Bd1 64. Nc6+ Kd6 65. Nd4 Kd5 66. Nf5 f3+ 67. Kg1 f2+ 68. Kg2 Be2 69. Ng3 f1=Q+ 70. Nxf1 Bxf1+ 71. Kxf1 Kc4 72. Kg2 Kc3 73. Kg3 Kd2 74. Kg4 Kxe3 75. Kxg5 Nf4 76. h4 Kf3 77. Kf5 e3 78. Kg5 e2 79. h5 Nxh5 80. Kxh5 e1=Q 81. Kg5 Qe4 0-1


[Site "https://www.chess.com"]